 Dungeon Crawl Stone Soup version 0.22-a0-553-g9358b0b (webtiles) character file.

1953 inc the Caller (level 9, -12/60 HPs)
             Began as an Octopode Summoner on June 25, 2018.
             Was an Initiate of Gozag.
             Mangled by an ogre
             ... wielding a +0 giant club
              (25 damage)
             ... on level 7 of the Dungeon.
             The game lasted 00:15:37 (8635 turns).

inc the Caller (Octopode Summoner)                  Turns: 8635, Time: 00:15:38

Health: -12/60     AC:  1    Str:  8    XL:     9   Next: 19%
Magic:  18/20      EV: 14    Int: 20    God:    Gozag
Gold:   817        SH:  0    Dex: 19    Spells: 13/23 levels left

rFire    . . .     SeeInvis .   A - +1 whip (elec)
rCold    . . .     Gourm    .   (no shield)
rNeg     . . .     Faith    .   (helmet restricted)
rPois    .         Spirit   .   (no amulet)
rElec    .         Reflect  .   v - ring of the Curious Mice {Ice Dex+7}
rCorr    .         Harm     .   w - ring of fire
MR       .....                  (no ring)
Stlth    +++.......             (no ring)
HPRegen  0.20/turn              (no ring)
MPRegen  0.17/turn              (no ring)
                                (no ring)
                                (no ring)

@: no status effects
A: almost no armour, stealthy swim, amphibious, 8 rings, constrict 8, camouflage
1, gelatinous body 1
a: Potion Petition, Call Merchant, Bribe Branch, Renounce Religion


You were on level 7 of the Dungeon.
You worshipped Gozag.
Gozag was pleased with you.
You were not hungry.

You visited 2 branches of the dungeon, and saw 9 of its levels.

You collected 886 gold pieces.
You paid 69 gold pieces to Gozag.

Inventory:

Hand Weapons
 b - a +0 short sword
 g - a +0 spear
 n - a +0 falchion of protection
 s - a -3 long sword
 A - a +1 whip of electrocution (weapon)
Armour
 f - a +1 shield
Jewellery
 l - an uncursed amulet of faith
 v - the ring of the Curious Mice (left tentacle) {Ice Dex+7}
   (You found it on level 5 of the Dungeon)

   [ring of ice]

   It enhances your ice magic.
   It affects your dexterity (+7).
   It makes you vulnerable to fire.
   It protects you from cold.
 w - a ring of fire (right tentacle)
Wands
 r - a wand of digging (6)
Scrolls
 h - 2 scrolls of immolation {unknown}
 j - a scroll of fog {unknown}
 m - 2 scrolls of enchant weapon {unknown}
 o - 3 scrolls of fear {unknown}
 t - 2 scrolls of magic mapping
 u - 2 scrolls of teleportation
 y - a scroll of identify
 z - a scroll of noise {unknown}
 B - a scroll of amnesia {unknown}
 C - a scroll of random uselessness {unknown}
Potions
 a - a potion of degeneration
 d - 2 potions of lignification
 e - 2 potions of magic
 i - 2 potions of cancellation
 k - a potion of agility
 p - 6 potions of curing
 q - a potion of haste
 x - a potion of brilliance {unknown}
Comestibles
 c - 9 rations


   Skills:
 - Level 4.8 Fighting
 - Level 2.0 Dodging
 - Level 2.6 Stealth
 + Level 7.6 Spellcasting
 - Level 7.6 Summonings
 - Level 1.6 Ice Magic


You had 13 spell levels left.
You knew the following spells:

 Your Spells              Type           Power        Failure   Level  Hunger
a - Summon Small Mammal   Summ           ####         1%          1    None
b - Call Canine Familiar  Summ           #####...     1%          3    None
c - Call Imp              Summ           #####...     1%          2    None
d - Summon Ice Beast      Ice/Summ       #####...     13%         4    ###....

Your spell library contained the following spells:

 Spells                   Type           Power        Failure   Level  Hunger
 Magic Dart               Conj           #...         9%          1    None
 Conjure Flame            Conj/Fire      ##......     26%         3    None
 Slow                     Hex            #.......     13%         2    None
 Mephitic Cloud           Conj/Pois/Air  #.......     26%         3    None
 Blink                    Tloc           N/A          13%         2    None
 Iskenderun's Mystic Bla  Conj           #.......     65%         4    ###....
 Stone Arrow              Conj/Erth      #.....       26%         3    None
 Passwall                 Tmut/Erth      #.......     13%         2    None
 Lee's Rapid Deconstruct  Erth           #.........   94%         5    #####..
 Sandblast                Erth           #.....       9%          1    None
 Petrify                  Tmut/Erth      #.......     65%         4    ###....
 Fulminant Prism          Conj/Hex       #.........   65%         4    ###....
 Dazzling Spray           Conj/Hex       #.....       26%         3    None
 Force Lance              Conj/Tloc      #.......     65%         4    ###....
 Searing Ray              Conj           #.....       13%         2    None
 Summon Lightning Spire   Summ/Air       ###.....     19%         4    ###....
 Summon Guardian Golem    Hex/Summ       ###.....     5%          3    None


Dungeon Overview and Level Annotations

Branches:
Dungeon (8/15)             Temple (1/1) D:5
   Lair: D:8-11

Altars:
Ashenzari
Cheibriados
Dithmenos
Elyvilon
Fedhas
Gozag
Hepliaklqana
Kikubaaqudgha
Makhleb
Nemelex Xobeh
Okawaru
Qazlal
Ru
Sif Muna
Trog
Uskayaw
Vehumet
Wu Jian
Xom
Yredelemnul
Zin
The Shining One

Annotations:
D:4 Dowan, Duvessa, Sigmund
D:5 exclusion: statue
D:7 3 runed doors, Tungsten's ghost, novice GnWz


Innate Abilities, Weirdness & Mutations

You cannot wear most types of armour.
You are very stealthy in the water. (Stealth+)
You are amphibious.
You can wear up to eight rings at the same time.
You can use your tentacles to constrict eight enemies at once.
Your skin changes colour to match your surroundings (Stealth+).
Your rubbery body absorbs attacks. (AC +1, EV +1)


Message History

You hit the ogre. Lightning courses through the ogre!
Your squeeze misses the ogre.
The ogre is severely wounded.
The orc shouts!
You hear a shout!
The ogre hits you with a giant club!!
An orc comes into view. It is wielding a hand axe.
An orc comes into view.
An orc wizard comes into view. It is wielding a dagger.
The ogre hits you with a giant club!
* * * LOW HITPOINT WARNING * * *
You climb upwards.
Level annotation: 3 runed doors, Tungsten's ghost, novice GnWz
There is a stone staircase leading down here.
Unknown command.
Casting: Call Canine Familiar (safe; 1% risk of failure)
Confirm with . or Enter, or press ? or * to list all spells.
A metallic apparition takes form in the air.
The ogre hits you with a giant club!!
You die...
Your body crumbles into a pile of gold.

###....^.....# ##.....
....##...<...######## ##..#...
....###..>..........### #..##...
....# ####.#.######...####.######
....# #.#.## ###............
....######....### #.#####......
....#....####.>.#####.# #........
##.##....####.#O......###.#......
##..#.........5.@................
###.####..###.###...##....).#...(
# #.# ##.....#...#......########
# #.### #####.........#### #
#...# ##...........# # ###.##
#.....##.....# # #..#
#####.#...##.## # ##.#
##.....##..### # #.###
#...#........######


You could see an ogre and a friendly iron imp.

Vanquished Creatures
  Prince Ribbit (D:6)
  Edmund (D:6)
  An ogre (D:7)
  3 bullfrogs
  2 scorpions
  A howler monkey (D:5)
  2 crimson imps
  A quasit (D:6)
  2 jellies
  An orc priest (D:5)
  A hound (D:6)
  2 orc wizards
  5 worker ants
  A hound skeleton (D:7)
  A howler monkey zombie (D:6)
  A worker ant zombie (D:5)
  7 adders
  An ooze (D:1)
  2 adder zombies
  An adder skeleton (D:5)
  4 worms
  3 leopard geckos
  13 orcs
  5 bats
  3 giant cockroaches
  16 goblins
  10 hobgoblins
  9 jackals
  7 kobolds
  2 quokkas
  3 ball pythons
  A ball python skeleton (D:5)
  4 frilled lizards
  A jackal skeleton (D:5)
  3 rats
121 creatures vanquished.

Vanquished Creatures (collateral kills)
  Pikel (D:6)
  An ogre (D:5)
  A sky beast (D:7)
  2 crimson imps
  A hound (D:6)
  2 orc priests (D:5)
  A centaur skeleton (D:5)
  Crazy Yiuf (D:6)
  An orc wizard (D:5)
  2 worker ants (D:6)
  3 adders
  A worm (D:3)
  A dart slug (D:2)
  2 orcs
  A goblin (D:3)
  3 jackals (D:6)
  A bat (D:2)
25 creatures vanquished.

Vanquished Creatures (others)
  2 slaves (D:6)
  An ice beast (D:6)
  An orc priest (D:6)
  2 orc wizards (D:6)
  A worker ant (D:6)
  3 orcs (D:6)
10 creatures vanquished.

Grand Total: 156 creatures vanquished

Notes
Turn   | Place    | Note
-------+----------+-------------------------------------------
     0 | D:1      | inc the Octopode Summoner began the quest for the Orb.
     0 | D:1      | Reached XP level 1. HP: 11/11 MP: 3/3
    92 | D:1      | Reached skill level 1 in Fighting
   154 | D:1      | Reached XP level 2. HP: 18/18 MP: 5/5
   515 | D:1      | Reached XP level 3. HP: 23/25 MP: 6/6
  1399 | D:2      | Reached XP level 4. HP: 31/32 MP: 7/7
  2581 | D:3      | Reached XP level 5. HP: 38/38 MP: 5/8
  3101 | D:4      | Noticed Sigmund
  3602 | D:3      | Learned a level 3 spell: Call Canine Familiar
  4288 | D:5      | Entered Level 5 of the Dungeon
  4288 | D:5      | Found a staircase to the Ecumenical Temple.
  4294 | Temple   | Entered the Ecumenical Temple
  4305 | Temple   | Became a worshipper of Gozag Ym Sagoz the Greedy
  4685 | D:5      | Learned a level 2 spell: Call Imp
  4775 | D:4      | Noticed Duvessa
  4775 | D:4      | Noticed Dowan
  4827 | D:5      | Reached skill level 5 in Summonings
  4827 | D:5      | Reached XP level 6. HP: 39/45 MP: 9/9
  5439 | D:5      | Found a bloodstained altar of Trog.
  5440 | D:5      | Found a sparkling altar of Nemelex Xobeh.
  5442 | D:5      | Found an iron altar of Okawaru.
  5444 | D:5      | Found an ancient bone altar of Kikubaaqudgha.
  5444 | D:5      | Found a shattered altar of Ashenzari.
  5444 | D:5      | Found a deep blue altar of Sif Muna.
  5445 | D:5      | Found a glowing golden altar of the Shining One.
  5653 | D:5      | Found a hazy altar of Hepliaklqana.
  5667 | D:5      | Got a clouded bronze ring
  5694 | D:5      | Reached XP level 7. HP: 35/49 MP: 10/10
  6008 | D:5      | Found a radiant altar of Vehumet.
  6086 | D:6      | Noticed Edmund
  6091 | D:6      | Identified the ring of the Curious Mice {Ice Dex+7} (You found it on level 5 of the Dungeon)
  6108 | D:6      | Killed Edmund
  6480 | D:6      | Learned a level 4 spell: Summon Ice Beast
  6481 | D:6      | Found a glowing silver altar of Zin.
  6486 | D:6      | Noticed Prince Ribbit
  6587 | D:6      | Reached skill level 1 in Ice Magic
  6604 | D:6      | Killed Prince Ribbit
  6604 | D:6      | Reached XP level 8. HP: 30/54 MP: 9/13
  6763 | D:6      | Noticed Pikel
  6796 | D:6      | Killed Pikel
  6796 | D:6      | Reached skill level 5 in Spellcasting
  7506 | D:6      | Found a runed door.
  7823 | D:6      | Noticed Crazy Yiuf
  7829 | D:6      | Killed Crazy Yiuf
  7953 | D:7      | Reached XP level 9. HP: 32/60 MP: 17/19
  8195 | D:7      | Found a runed gate.
  8195 | D:7      | Found a runed gate.
  8195 | D:7      | Found a runed gate.
  8308 | D:7      | Noticed Tungsten's ghost (novice GnWz)
  8635 | D:7      | Mangled by an ogre

Vault maps used:
D:1:      minmay_arrival_stone_box, wad_floor_pattern_2
D:2:      first_ration
D:3:      cheibrodos_greedy_goblins
D:4:      uniq_sigmund, uniq_duvessa
D:5:      vehumet_statue, grunt_temple_overflow_open, lemuel_crystal_altar,
          minmay_temple_entry_trees
D:6:      basic_altar, uniq_crazy_yiuf_cottage, uniq_prince_ribbit1, uniq_pikel,
          uniq_edmund
D:7:      gammafunk_ghost_icy
D:8:      kennysheep_windowed_halls, basic_altar, uniq_joseph
Temple:   cyrus_circular_temple

Skill      XL: |  1  2  3  4  5  6  7  8  9 |
---------------+----------------------------+-----
Fighting       | 1 2 3 4 |  4.8
Summonings     | 5 6 7 |  7.6
Ice Magic      | 1 |  1.6
Spellcasting   | 3 6 7 |  7.6
Dodging        | |  2.0
Stealth        | |  2.6

Action                   |  1- 3 |  4- 6 |  7- 9 || total
-------------------------+-------+-------+-------++-------
Melee: Unarmed           |    14 |       |       ||    14
       Constrict         |    22 |    47 |    34 ||   103
       Tentacles         |    13 |    32 |    32 ||    77
       Short sword       |    12 |       |       ||    12
       Spear             |    58 |   160 |       ||   218
       Falchion          |       |    34 |    63 ||    97
       Whip              |       |       |    67 ||    67
 Cast: Summon Small Mamm |     7 |    13 |       ||    20
       Call Canine Famil |       |     5 |    10 ||    15
       Call Imp          |       |     3 |    16 ||    19
  Use: Scroll            |       |     9 |     5 ||    14
 Stab: Sleeping          |     8 |     9 |    13 ||    30
       Distracted        |       |     2 |     2 ||     4
  Eat: Chunk             |     2 |     6 |       ||     8
       Ration            |       |     3 |     3 ||     6
Armor: Skin              |     3 |    20 |    26 ||    49
Dodge: Dodged            |    41 |   105 |   104 ||   250
       Rpst.: Falchion   |       |     6 |    18 ||    24

Table legend:
 A = Spawn XP
 B = Non-spawn XP
 C = Spawn XP percentage of total XP
 D = Spawn monster count
 E = Non-spawn monster count
 F = Spawn count percentage of total count
 G = Total turns spent on level
                    A         B        C        D         E        F      G
               +---------+---------+-------+---------+---------+-------+---------
         Total |       0 |    2790 |   0.0 |       0 |     146 |   0.0 |  8635
               +---------+---------+-------+---------+---------+-------+---------
           D:1 |       0 |      37 |   0.0 |       0 |      19 |   0.0 |   774
           D:2 |       0 |      98 |   0.0 |       0 |      22 |   0.0 |  1144
           D:3 |       0 |      35 |   0.0 |       0 |      19 |   0.0 |  1416
           D:4 |       0 |     119 |   0.0 |       0 |      13 |   0.0 |   956
           D:5 |       0 |     504 |   0.0 |       0 |      28 |   0.0 |  1858
           D:6 |       0 |    1411 |   0.0 |       0 |      25 |   0.0 |  1389
           D:7 |       0 |     586 |   0.0 |       0 |      20 |   0.0 |   730
               +---------+---------+-------+---------+---------+-------+---------
